[Event "Titled Tuesday Blitz January 03 Early 2023"]
[White "Maksimovic, Bojan"]
[Black "Krienke, Makaio"]
[WhiteFideId "14408120"]
[BlackFideId "2038854"]
[WhiteElo "2486"]
[BlackElo "2115"]
[Result "1-0"]
[Round "04"]
[TimeControl "180+2"]
[Date "2023.01.03"]
[WhiteClock "0:00:28"]
[BlackClock "0:00:05"]

1. g3 Nf6 2. Bg2 g6 3. c4 c5 4. Nc3 Nc6 5. Nf3 Bg7 6. O-O O-O 7. a3 d5 8. cxd5 Nxd5 9. Nxd5 Qxd5 10. d3 Qh5 11. Qc2 Bh3 12. Be3 Bxg2 13. Kxg2 Nd4 14. Bxd4 cxd4 15. Qb3 b6 16. Rac1 Rac8 17. Rc4 Qd5 18. Qc2 Rc5 19. Rxc5 Qxc5 20. Qxc5 bxc5 21. Rc1 Rb8 22. Rc2 e6 23. Nd2 Bf8 24. Nc4 f6 25. f4 Kf7 26. Kf3 Ke8 27. h4 Kd7 28. g4 Bd6 29. Rc1 Rh8 30. Rg1 Ke7 31. h5 Bc7 32. Ke4 f5+ 33. gxf5 exf5+ 34. Kd5 Kf6 35. Rf1 Re8 36. Rf2 gxh5 37. Kxc5 h4 38. Kxd4 h3 39. e3 Rd8+ 40. Kc3 Rg8 41. Rh2 Rg3 42. b4 Kg6 43. a4 Kh5 44. Kd4 Kh4 45. Ne5 Rg2 46. Rh1 Kg3 47. a5 h2 48. e4 Rg1 49. Rxh2 Kxh2 50. Nf3+ Kg2 51. Nxg1 Kxg1 52. exf5 Bd8 53. Ke5 h5 54. f6 h4 55. f7 Be7 56. b5 h3 57. b6 axb6 58. axb6 h2 59. b7 h1=Q 60. b8=Q Qh5+ 61. Ke6 Qc5 62. Qe5 Qb4 63. Qe3+ Kg2 64. Qe4+ Qxe4+ 65. dxe4 Bf8 66. Kd7 Kf3 67. e5 Kxf4 68. e6 Kf5 69. e7 Kg6 70. exf8=Q Kh7 71. Qg8+ Kh6 72. f8=Q+ Kh5 73. Qf5+ Kh6 74. Qfg6# 1-0


[Site "https://www.chess.com"]

[Event "Titled Tuesday Blitz January 03 Early 2023"]
[White "Goncalves, Davi Sulzbacher"]
[Black "Goltsev, Dmitry"]
[WhiteFideId "2154510"]
[BlackFideId "24176710"]
[WhiteElo "2282"]
[BlackElo "2269"]
[Result "1-0"]
[Round "04"]
[TimeControl "180+2"]
[Date "2023.01.03"]
[WhiteClock "0:00:22"]
[BlackClock "0:00:26"]

1. Nf3 d5 2. g3 c6 3. Bg2 Nf6 4. O-O g6 5. c4 Bg7 6. cxd5 cxd5 7. d4 O-O 8. Ne5 Nc6 9. Nxc6 bxc6 10. Nd2 a5 11. Nb3 Nd7 12. Bf4 a4 13. Nc1 Qb6 14. e3 Qxb2 15. Nd3 Qa3 16. Qc2 Ba6 17. Rfd1 Bb5 18. Rab1 f6 19. Bh3 Nb6 20. Be6+ Kh8 21. Nc5 g5 22. Bc7 Nc4 23. Rd3 Ra7 24. Rxb5 Qxd3 25. Qxd3 cxb5 26. Bxd5 Rxc7 27. Ne6 Rfc8 28. Nxc7 Rxc7 29. Qf5 Nb6 30. Be4 Kg8 31. Qxb5 Nc8 32. Qd5+ Kf8 33. Qd8+ Kf7 34. Qxc7 Nd6 35. Bd5+ Ke8 36. Be6 Kf8 37. Qb8+ Ne8 38. Bd7 Bh6 39. Qxe8+ Kg7 40. Be6 f5 41. Qf7+ Kh8 42. Qg8# 1-0


[Site "https://www.chess.com"]

[Event "Titled Tuesday Blitz January 03 Early 2023"]
[White "Dzierzak, Radoslaw"]
[Black "Liyanage, Ranindu Dilshan"]
[WhiteFideId "1161407"]
[BlackFideId "9915834"]
[WhiteElo "2220"]
[BlackElo "2342"]
[Result "0-1"]
[Round "04"]
[TimeControl "180+2"]
[Date "2023.01.03"]
[WhiteClock "0:00:10"]
[BlackClock "0:00:14"]

1. e4 e5 2. Nf3 Nc6 3. Bc4 Nf6 4. d3 h6 5. O-O g5 6. d4 exd4 7. Nxd4 Ne5 8. Bb3 Bc5 9. Nf5 d6 10. Ng7+ Kf8 11. Nf5 Nxe4 12. Nd4 Bb6 13. c3 Kg7 14. Be3 f5 15. f3 Nf6 16. f4 Neg4 17. fxg5 Nxe3 18. gxf6+ Qxf6 19. Qd3 Nxf1 20. Kxf1 f4 21. Nd2 Bxd4 22. cxd4 Bf5 23. Qc4 c6 24. Nf3 Rhe8 25. Qb4 Re7 26. Re1 Rae8 27. Rxe7+ Qxe7 28. Qd2 Qe3 29. Qxe3 Rxe3 30. Kf2 Bd3 31. Bd1 Bb1 32. Be2 Bxa2 33. g3 Bd5 34. gxf4 Rb3 35. Nh4 Kf6 0-1


[Site "https://www.chess.com"]

[Event "Titled Tuesday Blitz January 03 Early 2023"]
[White "Ansh M Shah"]
[Black "Krysa, Leandro"]
[WhiteFideId "25033379"]
[BlackFideId "116807"]
[WhiteElo "2171"]
[BlackElo "2541"]
[Result "0-1"]
[Round "04"]
[TimeControl "180+2"]
[Date "2023.01.03"]
[WhiteClock "0:00:35"]
[BlackClock "0:00:22"]

1. d4 d5 2. c4 c6 3. cxd5 cxd5 4. Nc3 Nc6 5. Bf4 Nf6 6. e3 a6 7. Rc1 e6 8. Bd3 Bd6 9. Bxd6 Qxd6 10. f4 O-O 11. Nf3 Bd7 12. O-O Rfc8 13. Ne5 Be8 14. Na4 Nb4 15. Rxc8 Rxc8 16. Bb1 Bb5 17. Rf3 h6 18. Nc3 Be8 19. a3 Nc6 20. Qd3 Ne7 21. g4 Ng6 22. Nxg6 fxg6 23. h3 Ne4 24. Ne2 Bb5 25. Qd1 Bxe2 26. Qxe2 Rc1+ 27. Rf1 Ng3 28. Qd2 Rxf1+ 29. Kg2 Rxb1 30. Qc2 Re1 31. Kxg3 Rxe3+ 32. Kg2 Qxf4 0-1


[Site "https://www.chess.com"]

[Event "Titled Tuesday Blitz January 03 Early 2023"]
[White "Yeritsyan, Hayk"]
[Black "Averjanov, Alexey"]
[WhiteFideId "13307320"]
[BlackFideId "14109867"]
[WhiteElo "2241"]
[BlackElo "2399"]
[Result "1-0"]
[Round "04"]
[TimeControl "180+2"]
[Date "2023.01.03"]
[WhiteClock "0:00:10"]
[BlackClock "0:00:02"]

1. e4 c6 2. Nc3 d5 3. Nf3 Bg4 4. h3 Bxf3 5. Qxf3 e6 6. g3 dxe4 7. Nxe4 Nd7 8. Bg2 Ngf6 9. O-O Nxe4 10. Qxe4 Nf6 11. Qe2 g6 12. d3 Bg7 13. c3 O-O 14. Bg5 Qb6 15. d4 Nd5 16. Rad1 a5 17. h4 h5 18. Rfe1 a4 19. a3 Rfe8 20. Rd2 Qc7 21. c4 Nf6 22. Bf4 Qb6 23. Be5 Ng4 24. Bxg7 Kxg7 25. Bf3 Nf6 26. Qe5 Qa5 27. Qf4 Rad8 28. Re5 Qc7 29. Qe3 Rd7 30. Qe1 Red8 31. Qd1 Qb6 32. c5 Qa5 33. Rd3 Nd5 34. Kg2 Ne7 35. Be4 Qb5 36. Qd2 Qc4 37. Qc3 Qb5 38. d5 Kf8 39. d6 Ng8 40. Rg5 b6 41. Rf3 bxc5 42. Bxg6 Qe2 43. Bxf7 Qxf3+ 44. Qxf3 Rxf7 45. Qxc6 Nf6 46. Re5 Ng4 47. Re2 Rfd7 48. Qxc5 Rxd6 49. Rd2 Ke7 50. Rxd6 Rxd6 51. Qg5+ Nf6 52. Qg7+ Ke8 53. Qxf6 Kd7 54. Qf7+ Kc6 55. Qxh5 Rd2 56. Qf3+ Kd7 57. Qc3 Rd5 58. h5 Rxh5 59. g4 Rd5 60. Kg3 Ke7 61. f4 Kf7 62. g5 Rf5 63. Kg4 Kg6 64. Qc8 Kf7 65. Qd7+ Kf8 66. Qxe6 Rb5 67. g6 Rb7 68. Qc8+ Kg7 69. Qxb7+ Kh6 70. Qh7# 1-0


[Site "https://www.chess.com"]

[Event "Titled Tuesday Blitz January 03 Early 2023"]
[White "Rostomyan, Mikayel"]
[Black "Leschinsky, Gary"]
[WhiteFideId "13313754"]
[BlackFideId "30951321"]
[WhiteElo "2222"]
[BlackElo "1969"]
[Result "1-0"]
[Round "04"]
[TimeControl "180+2"]
[Date "2023.01.03"]
[WhiteClock "0:00:18"]
[BlackClock "0:00:33"]

1. d4 d5 2. Nf3 Nf6 3. c4 e6 4. g3 Be7 5. Bg2 O-O 6. O-O dxc4 7. Qc2 b6 8. Qxc4 Bb7 9. Nc3 Nbd7 10. Qd3 c5 11. b3 cxd4 12. Qxd4 Bc5 13. Qh4 Nd5 14. Nxd5 Qxh4 15. Nxh4 Bxd5 16. Bxd5 exd5 17. Bb2 Rfe8 18. e3 Rad8 19. Rad1 Ne5 20. Kg2 f6 21. Rd2 Kf7 22. Rfd1 Ke6 23. e4 d4 24. Nf5 Rd7 25. Nxd4+ Bxd4 26. Rxd4 Rxd4 27. Rxd4 Rc8 28. Rd2 g5 29. h3 h5 30. f4 gxf4 31. gxf4 Nf7 32. Kf3 f5 33. e5 Rg8 34. Rc2 Kd7 35. Bd4 Nd8 36. Bf2 Ne6 37. Rd2+ Ke7 38. Bh4+ Ke8 39. Rd6 Kf7 40. Rd7+ Kg6 41. Rd6 Kf7 42. Rd7+ Kg6 43. Rxa7 Rc8 44. Bf2 Rc3+ 45. Be3 Nd4+ 46. Kf2 Rc2+ 47. Kf1 Nf3 48. e6 Rc6 49. e7 Re6 50. Kf2 Nh4 51. Rb7 Kf7 52. Bxb6 Ng6 53. Be3 Nxe7 54. Bc5 Ke8 55. Rxe7+ Rxe7 56. Bxe7 Kd7 57. Kg3 Kc6 58. Kh4 Kd7 59. Kxh5 Ke6 60. Kg5 Kxe7 61. h4 Kf7 62. a4 Kg7 63. a5 Kh8 64. a6 Kh7 65. a7 Kg7 66. a8=Q Kh7 67. b4 Kg7 68. b5 Kh7 69. b6 Kg7 70. Qa7+ Kf8 71. Kf6 Ke8 72. Qe7# 1-0


[Site "https://www.chess.com"]

[Event "Titled Tuesday Blitz January 03 Early 2023"]
[White "Csonka, Balazs"]
[Black "Perez Rodriguez, Jennifer"]
[WhiteFideId "742910"]
[BlackFideId "3507831"]
[WhiteElo "2496"]
[BlackElo "2242"]
[Result "1-0"]
[Round "04"]
[TimeControl "180+2"]
[Date "2023.01.03"]
[WhiteClock "0:00:04"]
[BlackClock "0:00:45"]

1. d4 d5 2. c4 c6 3. Nf3 Nf6 4. Nbd2 Bf5 5. Nh4 Be4 6. f3 Bg6 7. Qb3 Qb6 8. c5 Qxb3 9. axb3 a6 10. b4 Nbd7 11. Nb3 O-O-O 12. Bf4 Nh5 13. Bd2 e5 14. g4 Nhf6 15. e3 e4 16. g5 Ng8 17. Nxg6 hxg6 18. fxe4 dxe4 19. b5 cxb5 20. Bxb5 axb5 21. Ra8+ Kc7 22. Ba5+ b6 23. cxb6+ Nxb6 24. Bxb6+ Kxb6 25. Rxd8 Bb4+ 26. Ke2 Be7 27. Rb8+ Kc7 28. Rxb5 Rh5 29. h4 f6 30. Rb8 Kxb8 31. Nd2 fxg5 32. Nxe4 gxh4 33. Kf3 Nf6 34. Nf2 Rf5+ 35. Ke2 g5 36. e4 Rf4 37. e5 Ng4 38. Nxg4 Rxg4 39. Ke3 Rg3+ 40. Ke4 g4 41. d5 Rg2 42. d6 Re2+ 43. Kd5 Bxd6 44. Kxd6 h3 45. e6 Rd2+ 46. Kc6 Rc2+ 47. Kd7 Re2 48. e7 h2 49. Rxh2 Rxh2 50. e8=Q+ Kb7 51. Qe4+ Kb6 52. Qd4+ Kb5 53. Qe5+ Kc4 54. Qxh2 1-0


[Site "https://www.chess.com"]

[Event "Titled Tuesday Blitz January 03 Early 2023"]
[White "Volkov, Maksim"]
[Black "Zaksaite, Salomeja"]
[WhiteFideId "54123070"]
[BlackFideId "12801496"]
[WhiteElo "2258"]
[BlackElo "2283"]
[Result "1-0"]
[Round "04"]
[TimeControl "180+2"]
[Date "2023.01.03"]
[WhiteClock "0:00:12"]
[BlackClock "0:00:01"]

1. d4 Nf6 2. c4 g6 3. Nf3 Bg7 4. g3 O-O 5. Bg2 d5 6. cxd5 Nxd5 7. O-O Nb6 8. Nc3 Nc6 9. d5 Na5 10. Qc2 c6 11. dxc6 Nxc6 12. Rd1 Bd7 13. Qe4 Bxc3 14. bxc3 Bf5 15. Rxd8 Bxe4 16. Rxa8 Rxa8 17. Bf4 Rc8 18. Bh3 Bf5 19. Bxf5 gxf5 20. Rb1 e6 21. Ne1 Na5 22. Be5 Nac4 23. Bd4 e5 24. Bxb6 Nxb6 25. Rb3 Rd8 26. Nd3 e4 27. Nc5 Rd2 28. Ra3 Rxe2 29. Rxa7 Nc4 30. Nb3 Ne5 31. Nd4 Rd2 32. Nxf5 Rd1+ 33. Kg2 h5 34. Nd4 Rd2 35. h3 Nd3 36. Rxb7 Rxf2+ 37. Kg1 e3 38. Re7 1-0


[Site "https://www.chess.com"]

[Event "Titled Tuesday Blitz January 03 Early 2023"]
[White "Lopez Del Alamo, Antonio"]
[Black "Khoroshev, Nikita"]
[WhiteFideId "2227339"]
[BlackFideId "14200287"]
[WhiteElo "2280"]
[BlackElo "2336"]
[Result "0-1"]
[Round "04"]
[TimeControl "180+2"]
[Date "2023.01.03"]
[WhiteClock "0:00:05"]
[BlackClock "0:00:11"]

1. e4 c5 2. Nf3 e6 3. d3 Nc6 4. g3 g6 5. Bg2 Bg7 6. O-O Nge7 7. c3 d5 8. Nbd2 b6 9. Re1 Bb7 10. a3 Qd7 11. Qe2 dxe4 12. dxe4 O-O-O 13. Bf1 h6 14. Nc4 g5 15. h3 Ng6 16. Qc2 Qc7 17. b4 Nce5 18. Nfxe5 Nxe5 19. Nxe5 Qxe5 20. Bb2 h5 21. Rab1 c4 22. Bxc4 h4 23. g4 Qf4 24. Bc1 Qf3 25. Bf1 Qxc3 26. Qxc3+ Bxc3 27. Bxg5 Bxe1 28. Bxd8 Bxf2+ 29. Kxf2 Rxd8 30. Ke3 e5 31. Bc4 Rd4 32. Bd3 Kd7 33. Rf1 Ke6 34. Rf5 a5 35. bxa5 bxa5 36. Rh5 Ra4 37. Rh6+ Ke7 38. Rb6 Bc8 39. Rb3 Be6 40. Rc3 Kd6 41. Bb5 Rd4 42. a4 Rb4 43. Rc6+ Ke7 44. Rc7+ Kf6 45. Ra7 Rb3+ 46. Kf2 Rxh3 47. Rxa5 Bxg4 48. Bf1 Rh2+ 49. Kg1 Ra2 50. Ra6+ Kg5 51. Ra8 h3 52. Rg8+ Kf4 53. a5 h2+ 54. Kh1 Ra1 55. Kxh2 Rxf1 56. a6 Ra1 57. Rf8 f5 58. exf5 Bf3 0-1


[Site "https://www.chess.com"]

[Event "Titled Tuesday Blitz January 03 Early 2023"]
[White "Tsotsonava, Elene"]
[Black "Martynov, Pavel"]
[WhiteFideId "13615939"]
[BlackFideId "4101260"]
[WhiteElo "2053"]
[BlackElo "2414"]
[Result "0-1"]
[Round "04"]
[TimeControl "180+2"]
[Date "2023.01.03"]
[WhiteClock "0:00:01"]
[BlackClock "0:00:08"]

1. Nf3 d5 2. b3 e6 3. Bb2 c5 4. e3 Nc6 5. Be2 Nf6 6. d4 Be7 7. O-O O-O 8. Nbd2 a6 9. a3 Re8 10. dxc5 Bxc5 11. b4 Ba7 12. c4 h6 13. Qb3 Qe7 14. Rfd1 dxc4 15. Nxc4 b5 16. Nd6 Rd8 17. Nxc8 Raxc8 18. Rac1 Nd5 19. Ne1 Qg5 20. Bf3 Nce7 21. g3 h5 22. h4 Qg6 23. Rxc8 Rxc8 24. Nd3 Nxe3 25. fxe3 Qxg3+ 26. Bg2 Bxe3+ 27. Kf1 Nf5 28. Be5 Qxh4 29. Qb2 f6 30. Qa2 Rc4 31. Bb8 Kh8 32. Qe2 e5 33. Qf3 Ng3+ 34. Ke1 Ne4+ 35. Ke2 Nc3+ 36. Kxe3 e4 37. Qf5 Nxd1+ 38. Kd2 exd3 39. Be4 Qxe4 0-1


[Site "https://www.chess.com"]

[Event "Titled Tuesday Blitz January 03 Early 2023"]
[White "Khumalo, Keith"]
[Black "Barbot, Pierre"]
[WhiteFideId "14319470"]
[BlackFideId "663727"]
[WhiteElo "2099"]
[BlackElo "2458"]
[Result "1-0"]
[Round "04"]
[TimeControl "180+2"]
[Date "2023.01.03"]
[WhiteClock "0:00:23"]
[BlackClock "0:00:01"]

1. d4 Nf6 2. c4 g6 3. Nc3 d5 4. e3 Bg7 5. Qb3 dxc4 6. Bxc4 O-O 7. Nf3 c5 8. dxc5 Nbd7 9. Qa3 Qc7 10. b4 a5 11. Bd2 b6 12. Rc1 Bb7 13. Nb5 Qb8 14. bxa5 Bxf3 15. gxf3 bxc5 16. Ke2 Ne5 17. Qb3 Qb7 18. Nd4 Qc8 19. Nc2 Qh3 20. Ne1 Rad8 21. Bc3 Nh5 22. Bd5 Rd6 23. f4 Ng4 24. Bg2 Qh4 25. Rf1 Bxc3 26. Nf3 Qf6 27. Qxc3 Qe6 28. Qc4 Qd7 29. Rfd1 Rd8 30. Rxd6 Qxd6 31. h3 Ngf6 32. a6 Nd5 33. Ne5 Qe6 34. Bxd5 Qxd5 35. Qxd5 Rxd5 36. a7 Rd8 37. Rb1 Kg7 38. Rb8 1-0


[Site "https://www.chess.com"]

[Event "Titled Tuesday Blitz January 03 Early 2023"]
[White "Coelho, Ramyres Santana"]
[Black "Ingebretsen, Jens E"]
[WhiteFideId "2120690"]
[BlackFideId "1522965"]
[WhiteElo "1981"]
[BlackElo "2342"]
[Result "0-1"]
[Round "04"]
[TimeControl "180+2"]
[Date "2023.01.03"]
[WhiteClock "0:00:11"]
[BlackClock "0:00:43"]

1. e4 e5 2. Nf3 Nc6 3. d4 exd4 4. Bc4 Bc5 5. c3 Nf6 6. e5 d5 7. Bb5 Ne4 8. cxd4 Bb6 9. O-O O-O 10. h3 f5 11. Nc3 Ne7 12. Nxe4 fxe4 13. Nh2 Ng6 14. f4 exf3 15. Nxf3 Bf5 16. Bg5 Qc8 17. Kh2 Be4 18. a4 c6 19. Be2 Qf5 20. Be3 Nf4 21. Qd2 Nxe2 22. Qxe2 Bd3 23. Qd2 Bxf1 24. Rxf1 h6 25. Rf2 Qg6 26. a5 Bc7 27. Re2 Rae8 28. Qb4 b6 29. axb6 axb6 30. Qc3 c5 31. dxc5 Rxf3 32. gxf3 Bxe5+ 33. Qxe5 Rxe5 34. cxb6 d4 35. b7 Qd6 36. f4 Rxe3 37. Rc2 Qxf4+ 38. Kh1 Qf3+ 39. Kg1 Re1+ 40. Kh2 Rh1# 0-1


[Site "https://www.chess.com"]

[Event "Titled Tuesday Blitz January 03 Early 2023"]
[White "Torres Dominguez, David"]
[Black "Freitag, Manfred"]
[WhiteFideId "2220857"]
[BlackFideId "1602004"]
[WhiteElo "1994"]
[BlackElo "2352"]
[Result "0-1"]
[Round "04"]
[TimeControl "180+2"]
[Date "2023.01.03"]
[WhiteClock "0:00:01"]
[BlackClock "0:00:04"]

1. e4 c5 2. Nc3 d6 3. f4 g6 4. Nf3 Bg7 5. Bb5+ Bd7 6. Bxd7+ Qxd7 7. d3 Nc6 8. O-O e6 9. Bd2 Nge7 10. Qe1 O-O 11. Qh4 Nd4 12. Nxd4 cxd4 13. Ne2 Rac8 14. Rac1 f5 15. c3 dxc3 16. Bxc3 Bxc3 17. Nxc3 d5 18. e5 d4 19. Nb5 Nc6 20. Nd6 Rc7 21. Qf2 Qe7 22. Qd2 Rd8 23. Rce1 Rdd7 24. Rc1 Nd8 25. Rxc7 Rxc7 26. Rc1 Nf7 27. Rxc7 Qxc7 28. Nxf7 Kxf7 29. h4 Qc5 30. a3 a5 31. Qf2 h6 32. h5 g5 33. Qd2 g4 34. Qf2 Ke8 35. Kh2 Kd7 36. Qh4 Qc1 37. Qf2 Qc5 38. Qh4 Kc6 39. Qf6 Qd5 40. Qxh6 Kb5 41. Qf8 a4 42. Qe8+ Kb6 43. h6 Qc5 44. Qd8+ Ka7 0-1


[Site "https://www.chess.com"]

[Event "Titled Tuesday Blitz January 03 Early 2023"]
[White "Omelja, Artem"]
[Black "Indjic, Aleksandar"]
[WhiteFideId "14119846"]
[BlackFideId "911925"]
[WhiteElo "2446"]
[BlackElo "2618"]
[Result "0-1"]
[Round "04"]
[TimeControl "180+2"]
[Date "2023.01.03"]
[WhiteClock "0:00:03"]
[BlackClock "0:01:24"]

1. e4 c5 2. Nf3 d6 3. Bb5+ Nd7 4. a4 Nf6 5. Qe2 a6 6. Bc4 e6 7. O-O Be7 8. c3 O-O 9. Re1 Nxe4 10. Qxe4 d5 11. Bxd5 Nf6 12. Qe2 Nxd5 13. d4 cxd4 14. Nxd4 Qc7 15. Na3 b6 16. Nc4 Bb7 17. Ne5 Bd6 18. Nef3 Rae8 19. Bd2 e5 20. Nf5 e4 21. Nxd6 Qxd6 22. Nd4 f5 23. Rad1 f4 24. Qc4 Kh8 25. Bc1 Qg6 26. Nb3 f3 27. g3 e3 28. Rxd5 exf2+ 29. Kxf2 Rxe1 30. Kxe1 f2+ 31. Kf1 Qf7 32. Rd4 Bg2+ 33. Kxg2 f1=Q+ 34. Qxf1 Qxf1# 0-1


[Site "https://www.chess.com"]

[Event "Titled Tuesday Blitz January 03 Early 2023"]
[White "Mei, Austin"]
[Black "Harshavardhan G B"]
[WhiteFideId "30948479"]
[BlackFideId "25059009"]
[WhiteElo "2218"]
[BlackElo "2408"]
[Result "0-1"]
[Round "04"]
[TimeControl "180+2"]
[Date "2023.01.03"]
[WhiteClock "0:00:07"]
[BlackClock "0:00:09"]

1. e4 e5 2. Nf3 Nc6 3. Bc4 Nf6 4. Ng5 d5 5. exd5 Nd4 6. c3 b5 7. Bf1 Nxd5 8. cxd4 Qxg5 9. Bxb5+ Kd8 10. O-O Bb7 11. Qf3 Rb8 12. dxe5 Ne3 13. Qh3 Qxg2+ 14. Qxg2 Nxg2 15. d4 Be7 16. Nc3 Nh4 17. f4 Nf3+ 18. Kf2 Nxd4 19. Be3 Bh4+ 20. Kg1 Nf3+ 21. Kg2 Ng5+ 22. Rf3 Bxf3+ 23. Kf1 Nh3 24. Bxa7 Ra8 25. Bc5 Be7 26. Be3 Kc8 27. a4 Bb4 28. Bc4 g5 29. fxg5 Kb7 30. Nd5 Ba5 31. Nf6 Bb6 32. Bxb6 cxb6 33. Ra3 Nxg5 34. h4 Rac8 35. hxg5 Rxc4 36. Rxf3 Rxa4 37. b3 Ra1+ 38. Kg2 h6 39. Rh3 Ra2+ 40. Kf3 Ra3 41. Ke4 Ra1 42. Rxh6 Rxh6 43. gxh6 Rh1 44. h7 Kc6 45. Kf5 Kc5 46. Kg5 Kb4 47. Nh5 Rg1+ 48. Kh6 Rg6# 0-1


[Site "https://www.chess.com"]

[Event "Titled Tuesday Blitz January 03 Early 2023"]
[White "Dushyant Sharma"]
[Black "Williams, Simon K"]
[WhiteFideId "25065130"]
[BlackFideId "404454"]
[WhiteElo "2355"]
[BlackElo "2465"]
[Result "0-1"]
[Round "04"]
[TimeControl "180+2"]
[Date "2023.01.03"]
[WhiteClock "0:00:15"]
[BlackClock "0:00:43"]

1. e4 c5 2. Nf3 d6 3. d4 cxd4 4. Nxd4 Nf6 5. Nc3 g6 6. f4 Nbd7 7. Nf3 Qc7 8. Bd3 Bg7 9. O-O O-O 10. Kh1 a6 11. a4 b6 12. Qe1 Nc5 13. Bd2 Bb7 14. b4 Nxd3 15. cxd3 e6 16. Rc1 Qd7 17. Qh4 Rac8 18. h3 d5 19. e5 Ne8 20. Ng5 h6 21. Nf3 Nc7 22. Be3 d4 23. Nxd4 Nd5 24. Nxd5 Qxd5 25. Qg3 Rfd8 26. b5 a5 27. Rc4 Rxc4 28. dxc4 Qxc4 29. Rc1 Qxa4 30. Nc6 Rd3 31. Qf2 Qxb5 32. Ne7+ Kh7 33. Rc7 Be4 34. Bxb6 a4 35. Bc5 a3 36. Ra7 Rc3 37. Bxa3 Rc2 38. Qg3 Qf1+ 39. Kh2 Rxg2+ 0-1


[Site "https://www.chess.com"]

[Event "Titled Tuesday Blitz January 03 Early 2023"]
[White "Lehtosaari, Mauri"]
[Black "Agasarov, Benik"]
[WhiteFideId "501999"]
[BlackFideId "13314823"]
[WhiteElo "2176"]
[BlackElo "2235"]
[Result "0-1"]
[Round "04"]
[TimeControl "180+2"]
[Date "2023.01.03"]
[WhiteClock "0:01:48"]
[BlackClock "0:02:16"]

1. d4 d5 2. Nf3 Nf6 3. Bg5 Ne4 4. Bf4 Bf5 5. c4 e6 6. Nc3 Bb4 7. Qb3 Nc6 8. e3 a5 9. Ne5 a4 10. Nxc6 axb3 11. Nxd8 Kxd8 12. O-O-O Nxc3 13. bxc3 Bxc3 14. axb3 Ra1# 0-1


[Site "https://www.chess.com"]

[Event "Titled Tuesday Blitz January 03 Early 2023"]
[White "Kanakaris, Georgios"]
[Black "Tomaszewski, Kacper"]
[WhiteFideId "4209460"]
[BlackFideId "1127373"]
[WhiteElo "2391"]
[BlackElo "2313"]
[Result "1-0"]
[Round "04"]
[TimeControl "180+2"]
[Date "2023.01.03"]
[WhiteClock "0:00:06"]
[BlackClock "0:00:06"]

1. d4 d5 2. Nf3 Nf6 3. c4 e6 4. e3 c5 5. a3 cxd4 6. exd4 Be7 7. Nc3 O-O 8. Be3 b6 9. Be2 dxc4 10. Bxc4 Bb7 11. O-O Nbd7 12. Rc1 Rc8 13. Bd3 h6 14. Bb1 Nd5 15. Qd2 Nxe3 16. fxe3 Re8 17. e4 e5 18. d5 Bc5+ 19. Kh1 Ba6 20. Bd3 Bxd3 21. Qxd3 Nf6 22. b4 Bf8 23. Ne2 Rxc1 24. Rxc1 a5 25. bxa5 Ng4 26. Qb1 Bxa3 27. Rc3 Bc5 28. h3 Nf2+ 29. Kh2 f5 30. a6 Nxe4 31. Rd3 Nd6 32. Rd1 e4 33. Nd2 Qb8 34. Kh1 e3 35. Nb3 Ne4 36. Nxc5 Nf2+ 37. Kg1 Nxd1 38. Qxd1 bxc5 39. d6 Rd8 40. Qd5+ Kh8 41. d7 Qc7 42. Nf4 Qxd7 43. Ng6+ Kh7 44. Qxd7 Rxd7 45. Nf8+ Kg8 46. Nxd7 c4 47. Nc5 c3 48. a7 c2 49. a8=Q+ Kh7 50. Nd3 e2 51. Kf2 f4 52. Ke1 f3 53. gxf3 c1=Q+ 54. Nxc1 1-0


[Site "https://www.chess.com"]

[Event "Titled Tuesday Blitz January 03 Early 2023"]
[White "Bazarov, Konstantin"]
[Black "Wagner, Dennis"]
[WhiteFideId "4137000"]
[BlackFideId "24650684"]
[WhiteElo "2235"]
[BlackElo "2595"]
[Result "1-0"]
[Round "04"]
[TimeControl "180+2"]
[Date "2023.01.03"]
[WhiteClock "0:00:20"]
[BlackClock "0:00:04"]

1. c4 e6 2. d4 d5 3. Nc3 Be7 4. Nf3 Nf6 5. Bg5 h6 6. Bh4 O-O 7. e3 b6 8. Rc1 Bb7 9. Bxf6 Bxf6 10. cxd5 exd5 11. b4 c6 12. Be2 Nd7 13. O-O Re8 14. Qb3 b5 15. a4 a6 16. a5 Be7 17. Rb1 Bd6 18. Bd3 Nf6 19. h3 Qe7 20. Nd2 Rad8 21. Rfe1 Bb8 22. Bf1 Qc7 23. g3 h5 24. h4 Bc8 25. Nf3 Bf5 26. Rbc1 Qd7 27. Bg2 Bh3 28. Bh1 Bf5 29. Ng5 Ng4 30. Ne2 Re7 31. Qc3 Rc8 32. Bg2 f6 33. Nf3 Kh7 34. Nh2 Qd6 35. Nf4 Nxh2 36. Kxh2 Bg4 37. f3 Bd7 38. Nxh5 g6 39. Nf4 Kg7 40. Qc5 Rh8 41. Qxd6 Bxd6 42. Rb1 g5 43. Ne2 gxh4 44. f4 hxg3+ 45. Kxg3 Rxe3+ 46. Kf2 Rhe8 47. Bf3 R8e7 48. Rg1+ Kf8 49. Rh1 Bf5 50. Rh8+ Kg7 51. Rbh1 Bxb4 52. Ng3 Bd3 53. f5 Be1+ 54. Kg2 Rxf3 55. R1h7# 1-0


[Site "https://www.chess.com"]

[Event "Titled Tuesday Blitz January 03 Early 2023"]
[White "Bayramov, Zaur"]
[Black "Cappai, Davide"]
[WhiteFideId "13405080"]
[BlackFideId "813338"]
[WhiteElo "2276"]
[BlackElo "2140"]
[Result "1-0"]
[Round "04"]
[TimeControl "180+2"]
[Date "2023.01.03"]
[WhiteClock "0:00:36"]
[BlackClock "0:00:12"]

1. c4 g6 2. Nc3 c5 3. g3 Bg7 4. Bg2 Nc6 5. d3 Nh6 6. Bd2 d6 7. a3 a5 8. Nf3 O-O 9. O-O f5 10. Rb1 Nf7 11. Ne1 Bd7 12. Nc2 e6 13. b4 axb4 14. axb4 cxb4 15. Nxb4 Nxb4 16. Rxb4 Bc6 17. Qb3 Ra7 18. Rb6 Qd7 19. Rb1 Nd8 20. e3 Rf7 21. d4 Bxg2 22. Kxg2 h5 23. h4 Bf8 24. d5 e5 25. c5 f4 26. exf4 exf4 27. c6 Qg4 28. Qd1 f3+ 29. Kh2 Qf5 30. Bf4 Ra3 31. Qxf3 bxc6 32. dxc6 Qc5 33. R6b3 Rxb3 34. Rxb3 Qxc6 35. Nd5 Kh7 36. Rb8 Qd7 37. Qe4 Bg7 38. Be3 Qe6 39. Qd3 Nc6 40. Rb6 Ne5 41. Qb3 Ng4+ 42. Kg2 Nxe3+ 43. Nxe3 Qxb3 44. Rxb3 Bd4 45. Nd1 Bc5 46. Rd3 Kg7 47. f4 Kf6 48. Nc3 Ke6 49. Kf3 Ra7 50. Ne4 Ra3 51. Nxc5+ dxc5 52. Rxa3 1-0


[Site "https://www.chess.com"]

[Event "Titled Tuesday Blitz January 03 Early 2023"]
[White "Ilkhomi, Jaloliddin"]
[Black "Fiorito, Joaquin"]
[WhiteFideId "14700948"]
[BlackFideId "180173"]
[WhiteElo "1997"]
[BlackElo "2405"]
[Result "1/2-1/2"]
[Round "04"]
[TimeControl "180+2"]
[Date "2023.01.03"]
[WhiteClock "0:00:09"]
[BlackClock "0:00:11"]

1. d4 Nf6 2. Nf3 d5 3. Bf4 c5 4. e3 Nc6 5. c3 Qb6 6. Qc2 g6 7. Nbd2 Bf5 8. Qb3 c4 9. Qxb6 axb6 10. a3 b5 11. Rc1 Bg7 12. Be2 h6 13. Bd1 g5 14. Bg3 Ne4 15. Nxe4 Bxe4 16. Bc2 Bxc2 17. Rxc2 b4 18. cxb4 Nxb4 19. Rd2 Nc6 20. Ke2 b5 21. Rc1 e6 22. Ne1 b4 23. axb4 Nxb4 24. b3 cxb3 25. Rb2 Ra2 26. Rb1 Kd7 27. Kd1 Nc6 28. Rxb3 Na5 29. Rb5 Ra8 30. Nd3 Nc6 31. Nc5+ Ke8 32. Rb6 Ra1 33. Kc2 Rxb1 34. Kxb1 Na5 35. Nb7 Nxb7 36. Rxb7 Bf8 37. Kb2 Be7 38. h3 h5 39. Kb3 Rc8 40. Bc7 Kd7 41. Ba5+ Ke8 42. Bc7 g4 43. hxg4 hxg4 44. Ka4 Kd7 45. Bf4+ Ke8 46. Kb5 f6 47. Bc7 Kd7 48. Bf4+ Ke8 49. Rb8 Rxb8+ 50. Bxb8 Kd7 51. Kb6 f5 52. Kb5 Bf6 53. g3 Be7 54. Bf4 Ba3 55. Ka4 Bc1 56. Kb3 Bd2 57. Kc2 Ba5 58. Kd3 Kc6 59. Ke2 Kb5 60. Bg5 Kc4 61. Bf6 Kb3 62. Be5 Kc2 63. Bf6 Bb6 64. Bg7 Ba5 65. Be5 Kb3 66. Bf6 Kc4 67. Be5 Kb5 68. Bf6 Kc6 69. Be5 Bb6 70. Kd3 Ba5 71. Bf4 Kd7 72. Be5 Kc6 73. Bf4 Kd7 74. Be5 Kc6 1/2-1/2


[Site "https://www.chess.com"]